 Dungeon Crawl Stone Soup version 0.26.1-2-gb8aa6d0cf2 (webtiles) character file.

Game seed: 8461994445521612192

13282 olmar the Cleaver (level 11, 49/101 (103) HPs)
             Began as a Deep Dwarf Fighter on Jan 22, 2021.
             Was an Initiate of Gozag.
             Got out of the dungeon alive.
             The game lasted 00:28:42 (8395 turns).

olmar the Cleaver (Deep Dwarf Fighter)              Turns: 8395, Time: 00:28:42

HP:   49/101 (103)  AC: 16    Str: 22    XL:     11   Next: 73%
MP:   0/0           EV:  7    Int: 10    God:    Gozag
Gold: 2186          SH: 12    Dex: 18    Spells: 10/10 levels left

rFire    . . .     SeeInvis .   G - +4 hand axe
rCold    . . .     Faith    .   c - +0 kite shield
rNeg     . . .     Spirit   .   m - +1 plate armour
rPois    .         Reflect  .   y - +0 helmet
rElec    .         Harm     .   (no cloak)
rCorr    .         Rampage  .   (no gloves)
Will     ++...                  (no boots)
Stlth    ..........             (no amulet)
HPRegen  0.00/turn              l - ring of willpower
MPRegen  0.07/turn              o - +6 ring of dexterity

@: non-regenerating, studying Crossbows, lightly drained
A: damage resistance, heal wounds, sense surroundings 2, no regeneration
a: Heal Wounds, Renounce Religion, Potion Petition, Call Merchant, Bribe Branch


You escaped.
You worshipped Gozag.
Gozag was most pleased with you.
You visited 1 branch of the dungeon, and saw 11 of its levels.
You also visited: Sewer.

You collected 2316 gold pieces.
You paid 130 gold pieces to Gozag.

Inventory:

Hand Weapons
 a - a +0 war axe
 G - a +4 hand axe (weapon)
Armour
 b - a +0 scale mail
 c - a +0 kite shield (worn)
 m - a +1 plate armour (worn)
 q - a cursed +0 scale mail
 y - a +0 helmet (worn)
Jewellery
 i - a cursed -4 ring of intelligence
 l - a ring of willpower (left hand)
 o - a +6 ring of dexterity (right hand)
 C - a cursed -4 ring of strength
 F - an uncursed ring of fire {unknown}
 I - an uncursed ring of positive energy
Wands
 e - a wand of acid (2)
 w - a wand of digging (4)
 A - a wand of polymorph (1)
Scrolls
 h - 5 scrolls of remove curse
 j - 4 scrolls of teleportation
 k - a scroll of enchant weapon
 n - 4 scrolls of enchant armour
 p - 2 scrolls of blinking
 r - a scroll of immolation
 u - 3 scrolls of amnesia
 x - 2 scrolls of magic mapping
 D - 2 scrolls of fog
 K - 4 scrolls of identify
Potions
 d - 3 potions of might
 f - 4 potions of curing
 s - a potion of brilliance
 t - 2 potions of attraction
 v - 2 potions of flight
 E - 2 potions of mutation
 H - a potion of degeneration {unknown}
 L - a potion of invisibility
Books
 B - a manual of Crossbows
Miscellaneous
 g - a condenser vane (inert)


   Skills:
 + Level 7.9 Fighting
 + Level 12.3 Axes
 + Level 9.2 Armour
 + Level 2.3 Dodging
 + Level 5.2 Stealth
 + Level 9.4 Shields
 + Level 5.8 Evocations


You had 10 spell levels left.
You didn't know any spells.
Your spell library contained the following spells:

 Spells                   Type           Power        Failure   Level
 Freeze                   Ice            0%           100%        1
 Magic Dart               Conj           0%           100%        1
 Blink                    Tloc           N/A          100%        2
 Call Imp                 Summ           0%           100%        2
 Slow                     Hex            0%           100%        2
 Conjure Flame            Conj/Fire      0%           100%        3
 Mephitic Cloud           Conj/Pois/Air  0%           100%        3


Dungeon Overview and Level Annotations

Branches:
Dungeon (11/15)            Temple (0/1) D:7            Lair (0/6) D:9
  Sewer (visited)
    Orc: D:9-12

Altars:
Dithmenos
Gozag
Makhleb
Nemelex Xobeh
Okawaru
Qazlal
Sif Muna
Trog
Uskayaw
Vehumet
Wu Jian
Xom
Yredelemnul
Zin

Shops:
D:7 *


Innate Abilities, Weirdness & Mutations

You are resistant to damage.
You can heal yourself by infusing magical energy.
You passively map the area around you.
You do not regenerate.


Message History

There is a stone staircase leading down here.
There is a stone staircase leading up here.
You climb upwards.
There is a stone staircase leading down here.
There is a stone staircase leading up here.
You climb upwards.
There is a stone staircase leading down here.
There is an open door here.
You see here a whip.
You see here a cursed +0 club.
There is an escape hatch in the floor here.
There is an open door here.
Really walk into that teleport trap?
You enter a teleport trap!
The teleport trap disappears.
Your surroundings suddenly seem different.
You open the door.
There is an open door here.
There is a staircase leading out of the dungeon here.
Are you sure you want to leave the Dungeon?
This will make you lose the game!
You have escaped!

....##.......#.....#...#.....#.##
....########.#.....'...'..>..#.#†
##### #.#.....##.##.....#.#.
############.###'####.####'###.#.
.........)(.......##...##......#.
..................##...##.....)##
.............###''###.####'###.#
.............#.....##.##.....#.#
.............#..@..'...#.....#.#
.............#.....#...#.....#.#
....########.#######...#######.#
....### #.............##....#
......# #############..#.####
......# #............#)# ......#
#..............#####
......########...................
......##............###.(........


There were no monsters in sight!

Vanquished Creatures
  A centaur warrior (D:9)
  2 two-headed ogres (D:10)
  A manticore (D:10)
  A gargoyle (D:10)
  A centaur skeleton (D:10)
  4 trolls
  Sigmund (D:5)
  17 yaks
  2 steam dragons (D:10)
  2 water moccasins (D:9)
  An ice beast (D:8)
  Purgy (Sewer)
  6 orc warriors
  A swamp drake (D:8)
  5 sky beasts
  A phantom (D:10)
  2 black bears (D:9)
  A necrophage (D:10)
  5 ogres
  4 centaurs
  3 big kobolds
  Blork the orc (D:4)
  11 bullfrogs
  A water moccasin zombie (D:8)
  4 scorpions
  6 killer bees (D:8)
  9 wights
  2 bullfrog zombies
  7 jellies
  2 centaur zombies
  3 hounds
  11 orc priests
  3 iron imps (D:7)
  2 bullfrog skeletons
  3 iguanas
  Ijyb (D:3)
  12 orc wizards
  8 worker ants
  A hound zombie (D:5)
  A worker ant zombie (D:10)
  A gnoll (D:3)
  A howler monkey skeleton (D:5)
  17 adders
  A shadow imp (D:6)
  6 white imps
  An ufetubus (D:7)
  3 oozes
  An adder zombie (D:9)
  3 worms
  2 dart slugs
  5 leopard geckos
  53 orcs
  4 ball pythons
  8 bats
  A bat skeleton (D:2)
  8 giant cockroaches
  12 goblins
  8 hobgoblins
  7 jackals
  18 kobolds
  2 quokkas
  7 frilled lizards
  A leopard gecko skeleton (D:6)
  A leopard gecko zombie (D:7)
  A quokka skeleton (D:4)
  15 rats
337 creatures vanquished.

Vanquished Creatures (others)
  40 fungi (D:9)
  46 plants (D:9)
86 creatures vanquished.

Grand Total: 423 creatures vanquished

Notes
Turn   | Place    | Note
-------+----------+-------------------------------------------
     0 | D:1      | olmar the Deep Dwarf Fighter began the quest for the Orb.
     0 | D:1      | Reached XP level 1. HP: 20/20 MP: 1/1
    59 | D:1      | Reached XP level 2. HP: 24/27 MP: 2/2
   520 | D:2      | Reached XP level 3. HP: 25/34 MP: 3/3
   613 | D:2      | Reached skill level 3 in Axes
   725 | D:2      | Reached XP level 4. HP: 29/42 MP: 4/4
  1046 | D:2      | Found a basalt altar of Yredelemnul.
  1340 | D:2      | Found a stormy altar of Qazlal.
  1402 | D:3      | Found a bloodstained altar of Trog.
  1417 | D:3      | Found a shimmering blue altar of Sif Muna.
  1420 | D:3      | Identified Sif Muna's Catalogue of Snow
  1438 | D:3      | Noticed Ijyb
  1440 | D:3      | Found a glowing drain.
  1445 | D:3      | Killed Ijyb
  1462 | D:3      | Reached XP level 5. HP: 17/49 MP: 5/5
  1505 | Sewer    | Entered a sewer
  1532 | Sewer    | Reached skill level 4 in Axes
  1535 | Sewer    | Noticed Purgy
  1538 | Sewer    | Killed Purgy
  1539 | Sewer    | Reached XP level 6. HP: 37/57 MP: 6/6
  1997 | D:3      | Found a shimmering blue altar of Sif Muna.
  2147 | D:3      | Reached skill level 5 in Axes
  2215 | D:4      | Found the +4 moon troll leather armour {Spirit, Regen++
                  | MP+5}
  2231 | D:4      | Reached XP level 7. HP: 27/66 MP: 7/7
  2273 | D:4      | Reached skill level 5 in Shields
  2450 | D:4      | Noticed Blork the orc
  2460 | D:4      | Killed Blork the orc
  2558 | D:5      | Entered Level 5 of the Dungeon
  2605 | D:5      | Reached skill level 6 in Axes
  2723 | D:5      | Found an opulent altar of Gozag.
  2735 | D:5      | Became a worshipper of Gozag Ym Sagoz the Greedy
  2866 | D:5      | Reached skill level 5 in Armour
  3077 | D:5      | Reached skill level 5 in Fighting
  3077 | D:5      | Reached skill level 7 in Axes
  3077 | D:5      | Reached XP level 8. HP: 74/74 MP: 8/8
  3132 | D:5      | Noticed Sigmund
  3158 | D:5      | Killed Sigmund
  3451 | D:6      | Reached skill level 1 in Evocations
  3483 | D:6      | Reached skill level 8 in Axes
  3843 | D:6      | Gained mutation: You passively map the area around you.
                  | [Deep Dwarf growth]
  3843 | D:6      | Reached XP level 9. HP: 34/82 MP: 8/8
  3854 | D:6      | Found a radiant altar of Vehumet.
  3932 | D:6      | Found a sparkling altar of Nemelex Xobeh.
  4118 | D:6      | Found a hide-covered altar of Uskayaw.
  4312 | D:7      | Found a staircase to the Ecumenical Temple.
  4366 | D:7      | Reached skill level 1 in Dodging
  4563 | D:7      | Reached skill level 9 in Axes
  4603 | D:7      | Found Qiodgh's Assorted Antiques.
  4628 | D:7      | Found a burning altar of Makhleb.
  4781 | D:7      | Found an iron altar of Okawaru.
  4834 | D:8      | Found a shimmering altar of Xom.
  4836 | D:8      | Found a shadowy altar of Dithmenos.
  4836 | D:8      | Found an ornate altar of the Wu Jian Council.
  5978 | D:8      | Reached XP level 10. HP: 88/92 MP: 5/5
  6072 | D:9      | Found a glowing silver altar of Zin.
  6260 | D:9      | Reached skill level 10 in Axes
  6268 | D:9      | Found a staircase to the Lair.
  6319 | D:9      | Reached skill level 5 in Evocations
  6593 | D:9      | Reached skill level 1 in Stealth
  6658 | D:9      | Noticed a centaur warrior
  6678 | D:9      | Killed a centaur warrior
  6679 | D:9      | Reached skill level 11 in Axes
  6763 | D:9      | Reached XP level 11. HP: 36/100 MP: 3/3
  7158 | D:10     | Entered Level 10 of the Dungeon
  7215 | D:10     | Noticed Maggie
  7230 | D:10     | Noticed Maggie
  7230 | D:10     | Maggie changed into Maggie the bullfrog
  7246 | D:10     | Killed Maggie the bullfrog
  7279 | D:10     | Noticed a two-headed ogre
  7289 | D:10     | Killed a two-headed ogre
  7326 | D:10     | Reached skill level 5 in Stealth
  7591 | D:10     | Noticed a two-headed ogre
  7623 | D:10     | Killed a two-headed ogre
  7624 | D:10     | Reached skill level 12 in Axes
  7935 | D:10     | Noticed Erica
  7936 | D:10     | Noticed Erica
  7936 | D:10     | Erica changed into Erica the manticore
  7951 | D:10     | Killed Erica the manticore
  8039 | D:10     | Upgraded the game from 0.26.0-16-gc1dbca0489 to
                  | 0.26.1-2-gb8aa6d0cf2
  8395 | D:$      | Got out of the dungeon alive.

Illustrated notes

Levels and vault maps discovered:
D:1:      dpeg_arrival_houses_and_road, layout_basic
D:2:      layout_loops_corners, lemuel_coloured_pillars_altar,
          nicolae_overflow_hidden_temple, grunt_ministairs_1,
          amcnicky_mini_rare_corridor_liquid, chequers_arboretum
D:3:      layout_basic, nzn_overflow_gifts_of_might_and_magic,
          cheibrodos_sewer_entry_drain, minivault_27, kennysheep_flooded_box,
          lemuel_blue_sif_altar, uniq_ijyb
D:4:      layout_rooms, uniq_blork_the_orc
D:5:      layout_gridville, old_standard_altar, minmay_manual_mail, uniq_sigmund
D:6:      layout_cave_pods, lemuel_crystal_altar, kennysheep_mini_moat,
          vehumet_crystals
D:7:      layout_rooms, general_overflow_altar, demons_altar,
          minmay_temple_entry_wispy, serial_shops, shop
D:8:      layout_gridville, grunt_temple_overflow_open, serial_rivers,
          chequers_serial_rivers_large_a, chequers_serial_rivers_room_a,
          chequers_serial_rivers_small_a, chequers_serial_rivers_micro_c,
          chequers_serial_rivers_room_b, chequers_serial_rivers_micro_d
D:9:      layout_stronghold, zin_academy, due_lair_maze_entry_diamond
D:10:     layout_rooms, hangedman_misty_isle, uniq_maggie, uniq_erica
D:11:     layout_big_octagon, david_orc_3

Skill      XL: |  1  2  3  4  5  6  7  8  9 10 11 |
---------------+----------------------------------+-----
Fighting       | 3 4 5 6 7 |  7.9
Axes           | 3 4 5 7 8 9 11 12 | 12.3
Armour         | 4 5 6 7 8 9 |  9.2
Shields        | 4 5 6 7 8 9 |  9.4
Evocations     | 1 3 5 |  5.8
Dodging        | 1 2 |  2.3
Stealth        | 2 5 |  5.2

Action                   |  1- 3 |  4- 6 |  7- 9 | 10-12 || total
-------------------------+-------+-------+-------+-------++-------
Melee: War axe           |   100 |   214 |   142 |       ||   456
       Hand axe          |       |       |   283 |   458 ||   741
 Abil: Heal Wounds       |       |     2 |    17 |    12 ||    31
Evoke: Wand              |       |     3 |    48 |    28 ||    79
       Condenser vane    |       |       |       |     1 ||     1
  Use: Scroll            |       |     2 |    21 |       ||    23
       Potion            |       |       |     2 |     6 ||     8
 Stab: Distracted        |       |       |     1 |     2 ||     3
       Paralysed         |       |       |       |    21 ||    21
Armor: Scale mail        |    49 |     4 |       |       ||    53
       Plate armour      |       |   156 |   200 |   177 ||   533
       Skin              |       |       |     2 |       ||     2
Dodge: Dodged            |    36 |    42 |    54 |    69 ||   201
Block: Kite shield       |    56 |   122 |   209 |   169 ||   556
